cohdb
Replays
Latest Replays
All Replays
Popular Replays
Top Player Replays
Match Explorer
How It Works
Community
CoH3 Stats
Reddit
Sign in to upload your games and track your stats! →
Sign in with Steam
Match 42612024
Unlisted
Match 42612024
Overview
Messages
Build Orders
End
Kettenkrad Recon Vehicle
Construct Infanterie Kompanie
Grenadier Squad
MG 42 Machine Gun Team
Grenadier Squad
Construct Luftwaffe Kompanie
Jäger Squad
Jäger Squad
Medical Bunker
Construct Panzer Kompanie
Selects Mechanized Battlegroup
Selects Raid Package
Selects Mobile Repair Stations
Panzer IV Medium Tank
Stoßtruppen Squad
Selects Wespe Self-propelled Artillery
Wespe Self-propelled Artillery
Panzer IV Medium Tank
Selects Zeroing Artillery Barrage
Zeroing Artillery Barrage
Panzer IV Medium Tank
Pioneer Squad
Zeroing Artillery Barrage
Nubbl0r
be4rd3d_s4murai
0
0
Comments
sign in to comment!
No comments posted yet!